 Dungeon Sprint DCSS version 0.16-a0-3540-gcd4db26 (webtiles) character file.

380 BluebellGnoll the Thaumaturge (level 6, 0/36 HPs)
             Began as an Octopode Fire Elementalist on Jan 9, 2015.
             Was an Initiate of Vehumet.
             Killed from afar by an ice dragon (27 damage)
             ... with a blast of cold
             ... in the Dungeon (Sprint V: "Ziggurat Sprint").
             The game lasted 00:03:44 (82 turns).

BluebellGnoll the Thaumaturge (OpFE)                  Turns: 82, Time: 00:03:44

Health: 0/36       AC:  1    Str: 19    XL:     6   Next: 75%
Magic:  4/25       EV:  7    Int: 32    God:    Vehumet [......]
Gold:   0          SH: 30    Dex: 24    Spells: 2 memorised, 24 levels left

rFire  . . .     SeeInvis .     L - +7 Screaming Sword
rCold  . . .     Clarity  .     K - +18 shield of the gong {rElec rN+ MR+ EV-5}
rNeg   + . .     SustAb   .     (helmet restricted)
rPois  .         Gourm    .     (no amulet)
rElec  +         Spirit   .     m - +6 ring of dexterity
rCorr  .         Warding  .     n - +6 ring of dexterity
rMut   .         NoTele   +     o - +6 ring of intelligence
MR     +....                    p - +6 ring of intelligence
Stlth  ++++......               q - +6 ring of strength
                                r - +6 ring of strength
                                (no ring)
                                (no ring)

@: very slightly contaminated, invisible, somewhat resistant to hostile
enchantments, stealthy
A: almost no armour, amphibious, 8 rings, constrict 8, camouflage 1, gelatinous
body 1
a: Renounce Religion


You were in the Dungeon.
You worshipped Vehumet.
Vehumet was noncommittal.
You were not hungry.

You visited 1 branch

Inventory:

Hand weapons
 G - a +5 demon blade
 J - the cursed +14 obsidian axe {chop, +Fly Str+3 SInv Curse}
   (You found it in the Dungeon)

   It inflicts extra damage upon your enemies.
   It affects your strength (+3).
   It enhances your eyesight.
   It lets you fly.
   It may recurse itself when equipped.
   It has a curse placed upon it.
 L - the +7 Screaming Sword (weapon)
   (You found it in the Dungeon)
Armour
 K - the +18 shield of the gong (worn) {rElec rN+ MR+ EV-5}
   (You found it in the Dungeon)

   It affects your evasion (-5).
   It insulates you from electricity.
   It protects you from negative energy.
   It affects your resistance to hostile enchantments.
Magical staves
 s - an uncursed staff of energy
Jewellery
 m - a +6 ring of dexterity (left tentacle)
 n - a +6 ring of dexterity (right tentacle)
 o - a +6 ring of intelligence (on tentacle)
 p - a +6 ring of intelligence (on tentacle)
 q - a +6 ring of strength (on tentacle)
 r - a +6 ring of strength (on tentacle)
Magical devices
 a - a wand of disintegration (7)
 j - a wand of fire (4)
 k - a wand of cold (5)
 l - a wand of draining (0)
Scrolls
 i - 4 scrolls of blinking
 v - 4 scrolls of amnesia
 w - 3 scrolls of recharging
 x - 7 scrolls of fog
 y - a scroll of holy word
 z - 5 scrolls of identify
 A - 5 scrolls of remove curse
 B - 2 scrolls of fear
Potions
 d - 10 potions of curing
 e - 10 potions of heal wounds
 f - 6 potions of haste
 g - 7 potions of magic
 h - 3 potions of berserk rage
 C - 2 potions of brilliance
 D - a potion of invisibility
 E - 2 potions of restore abilities
 F - 4 potions of resistance
 H - 5 potions of agility
 I - 5 potions of might
Books
 b - a book of Flames

   Spells                             Type                      Level
   a - Flame Tongue                   Conjuration/Fire             1
   b - Throw Flame                    Conjuration/Fire             2
   c - Conjure Flame                  Conjuration/Fire             3
   d - Inner Flame                    Hexes/Fire                   3
   e - Sticky Flame                   Conjuration/Fire             4
   f - Fireball                       Conjuration/Fire             5
Comestibles
 c - 5 bread rations
 t - 42 fruits
 u - 4 meat rations


   Skills:
 - Level 2.0 Dodging
 - Level 2.6 Stealth
 - Level 7.3 Shields
 + Level 11.3 Spellcasting
 - Level 1.0 Conjurations
 - Level 3.0 Fire Magic


You had 24 spell levels left.
You knew the following spells:

 Your Spells              Type           Power        Failure   Level  Hunger
a - Flame Tongue          Conj/Fire      ####.        2%          1    None
b - Throw Flame           Conj/Fire      ####..       3%          2    None


Dungeon Overview and Level Annotations

Branches:
Dungeon (1/1)

Altars:
Ashenzari
Cheibriados
Dithmenos
Elyvilon
Fedhas
Gozag
Kikubaaqudgha
Makhleb
Nemelex Xobeh
Okawaru
Qazlal
Ru
Sif Muna
Trog
Vehumet
Xom
Yredelemnul
Zin
The Shining One
Beogh
Jiyva
Lugonu


Innate Abilities, Weirdness & Mutations

You cannot wear most types of armour.
You are amphibious.
You can wear up to eight rings at the same time.
You can use your tentacles to constrict many enemies at once.
Your skin changes colour to match your surroundings (Stealth).
Your rubbery body absorbs attacks (AC +1).


Message History

Increase (S)trength, (I)ntelligence, or (D)exterity?
You feel clever.
You have reached level 4!
You have reached level 5!
You feel clever.
You have reached level 6!
Your experience leads to an increase in your attributes!
Your base attributes are Str 7, Int 19, Dex 12.
Increase (S)trength, (I)ntelligence, or (D)exterity?
You feel clever.
This wand has 4 charges left.
The ice dragon barely misses you. You block the ice dragon's attack.
PTOANNNG!
The ice dragon barely misses you.
You hit the ice dragon.
The ice dragon is severely wounded.
The ice dragon breathes frost at you. The blast of cold hits you!
Ouch! That really hurt!
You die...

▓▓▓▓▓▓▓
▓.8©8.▓
▓.....▓
▓.).).▓
▓.....▓
▓..D..▓
▓..@..▓
▓▓▓▓▓▓▓


You could see an ice dragon.

Vanquished Creatures
  A cyclops (D)
1 creature vanquished.

Vanquished Creatures (others)
  A spatial maelstrom (D)
1 creature vanquished.

Grand Total: 2 creatures vanquished

Notes
Turn   | Place    | Note
--------------------------------------------------------------
     0 | D        | BluebellGnoll, the Octopode Fire Elementalist, began the quest for the Orb.
     0 | D        | Reached XP level 1. HP: 11/11 MP: 3/3
     0 | D        | Found a viscous altar of Jiyva.
     0 | D        | Found a corrupted altar of Lugonu.
     0 | D        | Found a white marble altar of Elyvilon.
     0 | D        | Banished a spatial maelstrom
     2 | D        | Found a sparkling altar of Nemelex Xobeh.
     2 | D        | Found a burning altar of Makhleb.
     2 | D        | Found a deep blue altar of Sif Muna.
     3 | D        | Found a bloodstained altar of Trog.
     6 | D        | Found an iron altar of Okawaru.
    20 | D        | Found a radiant altar of Vehumet.
    21 | D        | Found a basalt altar of Yredelemnul.
    40 | D        | Found a shimmering altar of Xom.
    47 | D        | Became a worshipper of Vehumet
    53 | D        | Reached skill level 7 in Shields
    53 | D        | Reached XP level 2. HP: 17/17 MP: 4/4
    57 | D        | Learned a level 2 spell: Throw Flame
    74 | D        | Entered arena 1.
    74 | D        | Noticed a cyclops
    74 | D        | Noticed an ice dragon
    81 | D        | Killed a cyclops
    81 | D        | Reached skill level 11 in Spellcasting
    81 | D        | Reached XP level 3. HP: 17/21 MP: 4/20
    81 | D        | Reached XP level 4. HP: 21/27 MP: 4/21
    81 | D        | Reached XP level 5. HP: 24/31 MP: 4/23
    81 | D        | Reached XP level 6. HP: 27/36 MP: 4/25
    82 | D        | Killed from afar by an ice dragon

Action                   |  1- 3 |  4- 6 || total
-------------------------+-------+-------++-------
Melee: Double sword      |       |     1 ||     1
Evoke: Wand              |     5 |     1 ||     6
  Use: Potion            |     2 |       ||     2
